 Dungeon Crawl Stone Soup version 0.23-a0-558-g30802b1 (webtiles) character file.

4771 zishaf the Covert (level 10, -8/65 HPs)
             Began as a Kobold Assassin on Dec 11, 2018.
             Was a Follower of Uskayaw.
             Mangled by a two-headed ogre
             ... wielding a +0 giant spiked club
              (20 damage)
             ... on level 10 of the Dungeon on Dec 12, 2018.
             The game lasted 00:26:11 (12599 turns).

zishaf the Covert (Kobold Assassin)                Turns: 12599, Time: 00:26:11

Health: -8/65      AC: 10    Str: 12    XL:     10   Next: 75%
Magic:  11/11      EV: 16    Int: 13    God:    Uskayaw [*.....]
Gold:   347        SH:  7    Dex: 16    Spells: 9/9 levels left

rFire    . . .     SeeInvis .   a - +2 dagger
rCold    + . .     Gourm    .   r - +0 shield
rNeg     . . .     Faith    .   t - +0 ring mail
rPois    .         Spirit   .   (no helmet)
rElec    .         Reflect  .   l - +2 cloak
rCorr    .         Harm     .   o - +1 pair of gloves
MR       .....                  (no boots)
Stlth    +++++.....             B - amulet of the acrobat
HPRegen  0.20/turn              i - ring of protection from cold
MPRegen  0.12/turn              v - ring of stealth

@: no status effects
A: small, carnivore
a: Stomp, Renounce Religion


You were on level 10 of the Dungeon.
You worshipped Uskayaw.
Uskayaw was noncommittal.
You were full.

You visited 3 branches of the dungeon, and saw 12 of its levels.

You collected 347 gold pieces.

Inventory:

Hand Weapons
 a - a +2 dagger (weapon)
 b - a +0 blowgun
Missiles
 e - 5 poisoned needles
 f - 6 curare-tipped needles
Armour
 l - a +2 cloak (worn)
 o - a +1 pair of gloves (worn)
 p - a +0 leather armour
 r - a +0 shield (worn)
 t - a +0 ring mail (worn)
Jewellery
 c - an uncursed amulet of faith
 i - a ring of protection from cold (left hand)
 n - an uncursed ring of see invisible
 v - a ring of stealth (right hand)
 B - an amulet of the acrobat (around neck)
 E - an uncursed ring of resist corrosion
Wands
 d - a wand of iceblast (7)
 h - a wand of random effects (23)
 k - a wand of disintegration (11)
 y - a wand of polymorph (11)
 F - a wand of flame (24)
 G - a wand of digging (8)
 N - a wand of enslavement (4)
Scrolls
 m - a scroll of enchant armour
 w - a scroll of teleportation
 x - 4 scrolls of blinking
 C - 4 scrolls of amnesia
 H - a scroll of fog
 I - a scroll of holy word
 L - 3 scrolls of magic mapping
 M - 2 scrolls of remove curse
 O - a scroll of fear
Potions
 j - a potion of mutation
 s - 5 potions of curing
 u - a potion of cancellation
 z - 2 potions of lignification
 A - 2 potions of invisibility
 K - 2 potions of agility
Comestibles
 g - 16 rations


   Skills:
 + Level 8.5 Fighting
 - Level 10.0 Short Blades
 - Level 3.1 Throwing
 + Level 9.0 Dodging
 - Level 11.3 Stealth
 + Level 0.5 Invocations
 + Level 2.2 Evocations


You had 9 spell levels left.
You didn't know any spells.
Your spell library was empty.

Dungeon Overview and Level Annotations

Branches:
Dungeon (10/15)            Temple (1/1) D:4            Lair (1/6) D:10
    Orc: D:9-12

Altars:
Ashenzari
Dithmenos
Fedhas
Gozag
Hepliaklqana
Trog
Uskayaw
Wu Jian
Xom

Annotations:
D:4 2 runed doors, Buffagor's ghost, amateur NaFi


Innate Abilities, Weirdness & Mutations

You are small and have problems with some larger weapons.
You are carnivorous and can eat meat at any time.


Message History

Aiming: Paralyse
Press: ? - help, Shift-Dir - straight line, f/p - two-headed ogre
Aim: a two-headed ogre, wielding two +0 giant spiked clubs (chance to defeat The two-headed ogre easily resists.
Evoke which item? (* to show all) (? for menu, Esc to quit)
Aiming: Paralyse
Press: ? - help, Shift-Dir - straight line, f/p - two-headed ogre
Aim: a two-headed ogre, wielding two +0 giant spiked clubs (chance to defeat The two-headed ogre easily resists.
The two-headed ogre hits you with a +0 giant spiked club!
The two-headed ogre hits you but does no damage.
Evoke which item? (* to show all) (? for menu, Esc to quit)
Aiming: Paralyse
Press: ? - help, Shift-Dir - straight line, f/p - two-headed ogre
Aim: a two-headed ogre, wielding two +0 giant spiked clubs (chance to defeat The two-headed ogre easily resists.
The now-empty wand crumbles to dust.
The two-headed ogre hits you with a +0 giant spiked club!!
* * * LOW HITPOINT WARNING * * *
The two-headed ogre hits you with a +0 giant spiked club!!
You die...

#...#######..........######.#####
###.#.# ###......[.# #.# #...#
#.....[..# #.# ###.# #........#
#.# #.# #........# #.# #####.#
#........# #.#
......#######........# #.#
#####................# #.#
#...........@O...######.#####
#.........######.............
#.........# #.#####.######
#.........# #.# #.# # #.........#
#.# #.# # #####.........######.#
#.# #
.....................#####.######
..............######.............
..............# #.######.#####


You could see a two-headed ogre.

Vanquished Creatures
  Pikel (D:9)
  An ugly thing (D:10)
  A hippogriff (D:9)
  5 yaks
  Sigmund (D:6)
  A hungry ghost (D:9)
  A water moccasin (D:8)
  2 ice beasts (D:6)
  2 orc warriors
  Duvessa (D:7)
  2 ogres
  3 sky beasts
  3 centaurs
  6 bullfrogs
  A scorpion (D:6)
  A water moccasin zombie (D:6)
  Dowan (D:7)
  2 electric eels (D:8)
  2 crimson imps
  2 bullfrog zombies
  A bullfrog skeleton (D:9)
  A centaur zombie (D:3)
  3 hounds
  2 orc priests
  A jelly (D:4)
  6 orc wizards
  Ijyb (D:5)
  An iguana (D:6)
  3 worker ants
  A killer bee zombie (D:7)
  A hound zombie (D:6)
  A hound skeleton (D:10)
  7 adders
  A shadow imp (D:5)
  An ooze (D:1)
  An adder skeleton (D:8)
  5 worms
  A dart slug (D:3)
  7 leopard geckos
  13 orcs
  4 bats
  4 giant cockroaches
  5 goblins
  6 hobgoblins
  11 jackals
  3 quokkas
  5 ball pythons
  11 frilled lizards
  A giant cockroach zombie (D:6)
  5 kobolds
  A leopard gecko zombie (D:7)
  2 quokka skeletons
  6 rats
  3 plants (D:10)
164 creatures vanquished.

Vanquished Creatures (others)
  2 slaves (D:9)
  An orc priest (D:9)
  An orc wizard (D:9)
  2 orcs (D:9)
6 creatures vanquished.

Grand Total: 170 creatures vanquished

Notes
Turn   | Place    | Note
-------+----------+-------------------------------------------
     0 | D:1      | zishaf the Kobold Assassin began the quest for the Orb.
     0 | D:1      | Reached XP level 1. HP: 12/12 MP: 1/1
   165 | D:1      | Reached XP level 2. HP: 18/18 MP: 2/2
   691 | D:1      | Reached XP level 3. HP: 21/22 MP: 3/3
   894 | D:2      | Found a shimmering altar of Xom.
   895 | D:2      | Found a shimmering altar of Xom.
   895 | D:2      | Found a shimmering altar of Xom.
   895 | D:2      | Found a shimmering altar of Xom.
   897 | D:2      | Found a shimmering altar of Xom.
   898 | D:2      | Found a shimmering altar of Xom.
   899 | D:2      | Found a shimmering altar of Xom.
  1367 | D:2      | Reached XP level 4. HP: 27/27 MP: 4/4
  1881 | D:3      | Reached skill level 6 in Stealth
  1881 | D:3      | Reached XP level 5. HP: 32/32 MP: 5/5
  2109 | D:3      | Found a blossoming altar of Fedhas.
  2599 | D:3      | Found a faded altar of an unknown god.
  2801 | D:3      | Reached XP level 6. HP: 26/37 MP: 6/6
  3035 | D:4      | Found a staircase to the Ecumenical Temple.
  3046 | Temple   | Entered the Ecumenical Temple
  3057 | Temple   | Became a worshipper of Uskayaw the Reveler
  3098 | D:4      | Reached * piety under Uskayaw
  3106 | D:4      | Reached ** piety under Uskayaw
  3149 | D:4      | Found a large runed door.
  3150 | D:4      | Found a large runed door.
  3153 | D:4      | Noticed Buffagor's ghost (amateur NaFi)
  3757 | D:5      | Entered Level 5 of the Dungeon
  3828 | D:5      | Found a shattered altar of Ashenzari.
  3895 | D:5      | Reached XP level 7. HP: 14/43 MP: 7/7
  4234 | D:4      | Reached skill level 5 in Short Blades
  4234 | D:4      | Reached skill level 7 in Stealth
  4434 | D:5      | Noticed Ijyb
  4446 | D:5      | Killed Ijyb
  4626 | D:5      | Reached *** piety under Uskayaw
  5133 | D:6      | Reached XP level 8. HP: 35/48 MP: 8/8
  5191 | D:6      | Reached skill level 5 in Fighting
  5191 | D:6      | Reached skill level 5 in Dodging
  5191 | D:6      | Reached skill level 8 in Stealth
  5278 | D:6      | Noticed Sigmund
  5283 | D:6      | Killed Sigmund
  6400 | D:7      | Noticed Dowan
  6406 | D:7      | Killed Dowan
  6406 | D:7      | Reached skill level 9 in Stealth
  6406 | D:7      | Reached XP level 9. HP: 55/55 MP: 9/9
  6407 | D:7      | Noticed Duvessa
  6461 | D:7      | Killed Duvessa
  6774 | D:7      | Found an ornate altar of the Wu Jian Council.
  6778 | D:7      | Found a hazy altar of Hepliaklqana.
  6870 | D:7      | Got a steaming mace
  6871 | D:7      | Identified the cursed +0 mace "Huczo" {freeze, +Blink MR+}
                  | (You found it on level 7 of the Dungeon)
  8983 | D:9      | Reached skill level 10 in Stealth
  9073 | D:9      | Noticed Pikel
  9187 | D:9      | Killed Pikel
  9553 | D:9      | Reached XP level 10. HP: 63/63 MP: 10/10
 10143 | D:9      | Reached skill level 11 in Stealth
 10260 | D:10     | Entered Level 10 of the Dungeon
 10327 | D:10     | Noticed a red ugly thing
 10334 | D:10     | Killed a red ugly thing
 10336 | D:10     | Noticed a two-headed ogre
 10485 | D:10     | Found a staircase to the Lair.
 10543 | D:10     | Got a scorched flail
 10548 | D:10     | Identified the +3 flail "Exish" {elec, rC+ Int+3} (You
                  | found it on level 10 of the Dungeon)
 11051 | D:9      | HP: 2/64 [yak (14)]
 11594 | D:10     | Reached skill level 1 in Evocations
 11791 | D:9      | Reached skill level 10 in Short Blades
 11798 | D:9      | Reached **** piety under Uskayaw
 12308 | Lair:1   | Entered Level 1 of the Lair of Beasts
 12599 | D:10     | Mangled by a two-headed ogre

Vault maps used:
D:1:      minmay_arrival_diagonal_passages, minmay_lizard_king
D:2:      xom_redecorated, minmay_snake_closets
D:3:      chequers_ecumenical_altar_lobes, mrwooster_statue_mirror,
          fedhas_altar_4
D:4:      minmay_temple_entry_sparse_star, ebering_ghost_disaster_area
D:5:      evilmike_ruin_ashenzari, first_ration, kennysheep_generic_room_3,
          uniq_ijyb
D:6:      uniq_sigmund
D:7:      grunt_temple_overflow_open, uniq_duvessa
D:8:      serial_co_window_serial, co_window_paths_b, co_window_corner_a,
          co_window_paths_a, co_window_corner_a, co_window_paths_a,
          co_window_2corner, co_window_broadway_c, co_window_paths_c,
          co_window_of_opportunity_c, co_window_paths_e, co_window_4corner_a,
          glass_columns_b, glass_columns_a, glass_columns_a, glass_columns_a,
          glass_columns_a, minmay_misc_feat_encased
D:9:      abandoned_shop, uniq_pikel
D:10:     dpeg_oklobed_lair
Temple:   hc_temple_tempest_star

Skill      XL: |  1  2  3  4  5  6  7  8  9 10 |
---------------+-------------------------------+-----
Short Blades   | 3 4 5 7 8 10 | 10.0
Dodging        | 2 3 4 6 7 9 |  9.0
Throwing       | 3 |  3.1
Fighting       | 3 4 5 7 8 |  8.5
Stealth        | 6 7 9 10 11 | 11.3
Evocations     | 2 |  2.2
Invocations    | |  0.5

Action                   |  1- 3 |  4- 6 |  7- 9 | 10-12 || total
-------------------------+-------+-------+-------+-------++-------
Melee: Dagger            |   107 |   210 |   494 |   452 ||  1263
       Mace              |       |       |    39 |       ||    39
 Fire: Blowgun           |       |       |    29 |     5 ||    34
Invok: Stomp             |       |       |     1 |       ||     1
Evoke: Wand              |       |       |       |    23 ||    23
  Use: Scroll            |       |       |    17 |     2 ||    19
       Potion            |       |       |     3 |       ||     3
 Stab: Sleeping          |     8 |    15 |    21 |     3 ||    47
       Paralysed         |       |       |     3 |     2 ||     5
       Distracted        |       |       |     2 |     1 ||     3
  Eat: Chunk             |    10 |     8 |    18 |     8 ||    44
Armor: Robe              |     9 |       |       |       ||     9
       Leather armour    |     3 |       |       |       ||     3
       Ring mail         |     1 |    76 |   101 |    31 ||   209
Dodge: Dodged            |    57 |    85 |   194 |    98 ||   434
Block: Shield            |     4 |    69 |   136 |    50 ||   259

Table legend:
 A = Non-vault XP
 B = Vault XP
 C = Vault XP percentage of total XP
 D = Non-vault monster count
 E = Vault monster count
 F = Vault count percentage of total count
                 A         B        C        D         E       F
            +---------+---------+-------+---------+---------+-------
      Total |    5627 |    1189 |  17.4 |     137 |      24 |  14.9
            +---------+---------+-------+---------+---------+-------
        D:1 |      30 |      10 |  25.0 |      14 |       8 |  36.4
        D:2 |      12 |      85 |  87.6 |       7 |      10 |  58.8
        D:3 |     187 |       0 |   0.0 |      25 |       0 |   0.0
        D:4 |     208 |       0 |   0.0 |       7 |       0 |   0.0
        D:5 |     140 |      48 |  25.5 |      12 |       2 |  14.3
        D:6 |     978 |     220 |  18.4 |      20 |       1 |   4.8
        D:7 |     148 |     197 |  57.1 |       5 |       2 |  28.6
        D:8 |     803 |       0 |   0.0 |      20 |       0 |   0.0
        D:9 |    1913 |     629 |  24.7 |      19 |       1 |   5.0
       D:10 |    1208 |       0 |   0.0 |       8 |       0 |   0.0
            +---------+---------+-------+---------+---------+-------
